TOP OF THE 1ST |
Cape Cod Clams batting - Pitching for Birmingham Barons : RHP Pedro Valdés
|
Pitching: RHP Pedro Valdés
|
|
Batting: SHB Edgardo Osorio
|
0-0: Ball 1-0: Ball 2-0: SINGLE (Groundball, 34D)
|
Batting: RHB Yasuhiro Kobayashi
|
0-0: Foul Ball, location: 2F 0-1: Ball 1-1: Swinging Strike 1-2: Foul Ball, location: 2F 1-2: Ball 2-2: Foul Ball, location: 2F 2-2: SINGLE (Groundball, 56D) Edgardo Osorio to second
|
Batting: LHB José González
|
0-0: Ball 1-0: Ball 2-0: Called Strike 2-1: Ball 3-1: Base on Balls Edgardo Osorio to third Yasuhiro Kobayashi to second
|
Batting: LHB José Rivas
|
0-0: Called Strike 0-1: Ball 1-1: Ball 2-1: Foul Ball, location: 2F 2-2: Grounds into double play, 4-6-3 (Groundball, 34) Edgardo Osorio scores Yasuhiro Kobayashi to third
|
Batting: RHB Sam Wallace
|
0-0: Called Strike 0-1: Swinging Strike 0-2: Ball 1-2: Ball 2-2: Strikes out looking
|
Top of the 1st over - 1 run(s), 2 hit(s), 0 error(s), 1 left on base; Cape Cod 1 - Birmingham 0 |
BOTTOM OF THE 1ST |
Birmingham Barons batting - Pitching for Cape Cod Clams : RHP Jorge Jiménez
|
Pitching: RHP Jorge Jiménez
|
|
Batting: SHB Anastasio Ortíz
|
0-0: Ball 1-0: Foul Ball, location: 2F 1-1: Called Strike 1-2: Strikes out swinging
|
Batting: LHB Curt Walker
|
0-0: Swinging Strike 0-1: Ball 1-1: Fly out, F9 (Flyball, 89XD)
|
Batting: RHB Todd Rogers
|
0-0: Ball 1-0: Ball 2-0: Ball 3-0: Base on Balls
|
Batting: LHB Ashley Pickhills
|
0-0: Ball 1-0: Called Strike 1-1: Ball 2-1: Foul Ball, location: 2F 2-2: Foul Ball, location: 2F 2-2: Fly out, F6 (Popup, 5)
|
Bottom of the 1st over - 0 run(s), 0 hit(s), 0 error(s), 1 left on base; Cape Cod 1 - Birmingham 0 |
TOP OF THE 2ND |
Cape Cod Clams batting - Pitching for Birmingham Barons : RHP Pedro Valdés
|
Batting: SHB Andrés Díaz
|
0-0: Foul Ball, location: 2F 0-1: Foul Ball, location: 2F 0-2: Ball 1-2: Ball 2-2: Foul Ball, location: 2F 2-2: Ball 3-2: Foul Ball, location: 2F 3-2: Base on Balls
|
Batting: RHB Héctor Jiménez
|
0-0: Called Strike 0-1: Ball 1-1: Ball 2-1: Foul Ball, location: 2F 2-2: Foul Ball, location: 2F 2-2: Foul Ball, location: 2F 2-2: Foul Ball, location: 2F 2-2: Foul Ball, location: 2F 2-2: Fly out, F8 (Flyball, 8LS)
|
Batting: RHB Juan Marín
|
0-0: Grounds into double play, 5-4-3 (Groundball, 5)
|
Top of the 2nd over - 0 run(s), 0 hit(s), 0 error(s), 0 left on base; Cape Cod 1 - Birmingham 0 |
BOTTOM OF THE 2ND |
Birmingham Barons batting - Pitching for Cape Cod Clams : RHP Jorge Jiménez
|
Batting: RHB Vicente Elías
|
0-0: Ball 1-0: Foul Ball, location: 2F 1-1: Called Strike 1-2: Ball 2-2: Fly out, F9 (Flyball, 89M)
|
Batting: RHB Mario Hernández
|
0-0: Foul Ball, location: 2F 0-1: Foul Ball, location: 2F 0-2: Ball 1-2: Strikes out swinging
|
Batting: RHB Juan Jiménez
|
0-0: Called Strike 0-1: Ground out 6-3 (Groundball, 6)
|
Bottom of the 2nd over - 0 run(s), 0 hit(s), 0 error(s), 0 left on base; Cape Cod 1 - Birmingham 0 |
TOP OF THE 3RD |
Cape Cod Clams batting - Pitching for Birmingham Barons : RHP Pedro Valdés
|
Batting: RHB Marcos Castillo
|
0-0: Called Strike 0-1: Ground out 1-3 (Groundball, 13S)
|
Batting: SHB Edgardo Osorio
|
0-0: SINGLE (Flyball, 7S)
|
Batting: RHB Yasuhiro Kobayashi
|
0-0: Ball 1-0: Ball 2-0: Grounds into double play, 6-4-3 (Groundball, 6)
|
Top of the 3rd over - 0 run(s), 1 hit(s), 0 error(s), 0 left on base; Cape Cod 1 - Birmingham 0 |
BOTTOM OF THE 3RD |
Birmingham Barons batting - Pitching for Cape Cod Clams : RHP Jorge Jiménez
|
Batting: LHB Marc May
|
0-0: Ball 1-0: Ball 2-0: Called Strike 2-1: Ball 3-1: Base on Balls
|
Batting: RHB David Raymos
|
0-0: Called Strike 0-1: Foul Ball, location: 2F 0-2: Foul Ball, location: 2F 0-2: Ball 1-2: Strikes out swinging
|
Batting: SHB Anastasio Ortíz
|
0-0: Ball 1-0: Called Strike 1-1: Ground out U3 (Groundball, 3S) Marc May to second
|
Batting: LHB Curt Walker
|
0-0: Ball 1-0: Foul Ball, location: 2F 1-1: Ground out 6-3 (Groundball, 6)
|
Bottom of the 3rd over - 0 run(s), 0 hit(s), 0 error(s), 1 left on base; Cape Cod 1 - Birmingham 0 |
TOP OF THE 4TH |
Cape Cod Clams batting - Pitching for Birmingham Barons : RHP Pedro Valdés
|
Batting: LHB José González
|
0-0: Ball 1-0: Called Strike 1-1: Ball 2-1: Called Strike 2-2: Strikes out swinging
|
Batting: LHB José Rivas
|
0-0: Ball 1-0: SOLO HOME RUN (Flyball, 8RXD), Distance : 434 ft
|
Batting: RHB Sam Wallace
|
0-0: Ball 1-0: Ground out 1-3 (Groundball, 13S)
|
Batting: SHB Andrés Díaz
|
0-0: Ball 1-0: Called Strike 1-1: Ball 2-1: Ball 3-1: Base on Balls
|
Batting: RHB Héctor Jiménez
|
0-0: Ball 1-0: Foul Ball, location: 2F 1-1: Called Strike 1-2: Strikes out swinging
|
Top of the 4th over - 1 run(s), 1 hit(s), 0 error(s), 1 left on base; Cape Cod 2 - Birmingham 0 |
BOTTOM OF THE 4TH |
Birmingham Barons batting - Pitching for Cape Cod Clams : RHP Jorge Jiménez
|
Batting: RHB Todd Rogers
|
0-0: Called Strike 0-1: Ball 1-1: Ball 2-1: Fly out, F8 (Line Drive, 8LM)
|
Batting: LHB Ashley Pickhills
|
0-0: SINGLE (Line Drive, 89S)
|
Batting: RHB Vicente Elías
|
0-0: Ball 1-0: Foul Ball, location: 2F 1-1: Foul Ball, location: 2F 1-2: Strikes out swinging
|
Batting: RHB Mario Hernández
|
0-0: Foul Ball, location: 2F 0-1: Called Strike 0-2: Strikes out swinging
|
Bottom of the 4th over - 0 run(s), 1 hit(s), 0 error(s), 1 left on base; Cape Cod 2 - Birmingham 0 |
TOP OF THE 5TH |
Cape Cod Clams batting - Pitching for Birmingham Barons : RHP Pedro Valdés
|
Batting: RHB Juan Marín
|
0-0: Ball 1-0: Called Strike 1-1: Ball 2-1: Ball 3-1: Called Strike 3-2: Fly out, F7 (Popup, 7S)
|
Batting: RHB Marcos Castillo
|
0-0: Ball 1-0: Ball 2-0: Ball 3-0: Base on Balls
|
Batting: SHB Edgardo Osorio
|
0-0: Ball 1-0: Called Strike 1-1: Swinging Strike 1-2: Foul Ball, location: 2F 1-2: Ball 2-2: Strikes out swinging
|
Batting: RHB Yasuhiro Kobayashi
|
0-0: Foul Ball, location: 2F 0-1: Ball 1-1: Ball 2-1: Ball 3-1: Foul Ball, location: 2F 3-2: Fly out, F9 (Flyball, 9LM)
|
Top of the 5th over - 0 run(s), 0 hit(s), 0 error(s), 1 left on base; Cape Cod 2 - Birmingham 0 |
BOTTOM OF THE 5TH |
Birmingham Barons batting - Pitching for Cape Cod Clams : RHP Jorge Jiménez
|
Batting: RHB Juan Jiménez
|
0-0: Ball 1-0: Called Strike 1-1: Called Strike 1-2: Foul Ball, location: 2F 1-2: Ball 2-2: Strikes out looking
|
Batting: LHB Marc May
|
0-0: Ball 1-0: SINGLE (Line Drive, 6D)
|
Batting: RHB David Raymos
|
0-0: DOUBLE (Line Drive, 78D) Marc May to third
|
Batting: SHB Anastasio Ortíz
|
0-0: Fly out, F4 (Line Drive, 4) 0-0: Lined into DP, 4-5 (Line Drive, 4)
|
Bottom of the 5th over - 0 run(s), 2 hit(s), 0 error(s), 1 left on base; Cape Cod 2 - Birmingham 0 |
TOP OF THE 6TH |
Cape Cod Clams batting - Pitching for Birmingham Barons : RHP Pedro Valdés
|
Batting: LHB José González
|
0-0: Called Strike 0-1: Foul Ball, location: 2F 0-2: Ball 1-2: Strikes out swinging
|
Batting: LHB José Rivas
|
0-0: Called Strike 0-1: Swinging Strike 0-2: Strikes out looking
|
Batting: RHB Sam Wallace
|
0-0: Swinging Strike 0-1: Swinging Strike 0-2: Foul Ball, location: 2F 0-2: Ground out 5-3 (Groundball, 5S)
|
Top of the 6th over - 0 run(s), 0 hit(s), 0 error(s), 0 left on base; Cape Cod 2 - Birmingham 0 |
BOTTOM OF THE 6TH |
Birmingham Barons batting - Pitching for Cape Cod Clams : RHP Jorge Jiménez
|
Batting: LHB Curt Walker
|
0-0: Called Strike 0-1: Foul Ball, location: 2F 0-2: Foul Ball, location: 2F 0-2: Ball 1-2: Strikes out swinging
|
Batting: RHB Todd Rogers
|
0-0: Ball 1-0: SINGLE (Groundball, 15) (infield hit)
|
Batting: LHB Ashley Pickhills
|
0-0: Foul Ball, location: 2F 0-1: Foul Ball, location: 2F 0-2: Foul Ball, location: 2F 0-2: Ground out 5-3 (Groundball, 56S) Todd Rogers to second
|
Batting: RHB Vicente Elías
|
0-0: Ball 1-0: Swinging Strike 1-1: Swinging Strike 1-2: Ball 2-2: Foul Ball, location: 2F 2-2: Strikes out swinging
|
Bottom of the 6th over - 0 run(s), 1 hit(s), 0 error(s), 1 left on base; Cape Cod 2 - Birmingham 0 |
TOP OF THE 7TH |
Cape Cod Clams batting - Pitching for Birmingham Barons : RHP Pedro Valdés
|
Pitching: LHP Manuel Soto
|
|
Batting: SHB Andrés Díaz
|
0-0: Foul Ball, location: 2F 0-1: Called Strike 0-2: Strikes out swinging
|
Batting: RHB Héctor Jiménez
|
0-0: Ball 1-0: Called Strike 1-1: Foul Ball, location: 2F 1-2: Ground out 6-3 (Groundball, 6)
|
Batting: RHB Juan Marín
|
0-0: Foul Ball, location: 2F 0-1: Fly out, F7 (Flyball, 78D)
|
Top of the 7th over - 0 run(s), 0 hit(s), 0 error(s), 0 left on base; Cape Cod 2 - Birmingham 0 |
BOTTOM OF THE 7TH |
Birmingham Barons batting - Pitching for Cape Cod Clams : RHP Jorge Jiménez
|
Batting: RHB Mario Hernández
|
0-0: Foul Ball, location: 2F 0-1: Ball 1-1: Foul Ball, location: 2F 1-2: Strikes out looking
|
Batting: RHB Juan Jiménez
|
0-0: Called Strike 0-1: Ball 1-1: SINGLE (Line Drive, 7S)
|
Batting: LHB Marc May
|
0-0: Grounds into double play, U6-3 (Groundball, 6M)
|
Bottom of the 7th over - 0 run(s), 1 hit(s), 0 error(s), 0 left on base; Cape Cod 2 - Birmingham 0 |
TOP OF THE 8TH |
Cape Cod Clams batting - Pitching for Birmingham Barons : LHP Manuel Soto
|
Batting: RHB Marcos Castillo
|
0-0: Called Strike 0-1: Foul Ball, location: 2F 0-2: Ball 1-2: Ground out 4-3 (Groundball, 4)
|
Batting: SHB Edgardo Osorio
|
0-0: Called Strike 0-1: Foul Ball, location: 2F 0-2: Ball 1-2: Ball 2-2: Strikes out swinging
|
Batting: RHB Yasuhiro Kobayashi
|
0-0: Swinging Strike 0-1: Ball 1-1: Foul Ball, location: 2F 1-2: SINGLE (Line Drive, 8RS)
|
Batting: LHB José González
|
0-0: Ball 1-0: Ball 2-0: Called Strike 2-1: Foul Ball, location: 2F 2-2: Ground out 4-3 (Groundball, 4)
|
Top of the 8th over - 0 run(s), 1 hit(s), 0 error(s), 1 left on base; Cape Cod 2 - Birmingham 0 |
BOTTOM OF THE 8TH |
Birmingham Barons batting - Pitching for Cape Cod Clams : RHP Jorge Jiménez
|
Batting: RHB David Raymos
|
0-0: Foul Ball, location: 2F 0-1: Ground out 3-1 (Groundball, 4)
|
Batting: SHB Anastasio Ortíz
|
0-0: Foul Ball, location: 2F 0-1: Ball 1-1: Fly out, F7 (Flyball, 7LDF)
|
Batting: LHB Curt Walker
|
0-0: Ball 1-0: Foul Ball, location: 2F 1-1: Ball 2-1: Ball 3-1: Fly out, F8 (Flyball, 8RXD)
|
Bottom of the 8th over - 0 run(s), 0 hit(s), 0 error(s), 0 left on base; Cape Cod 2 - Birmingham 0 |
TOP OF THE 9TH |
Cape Cod Clams batting - Pitching for Birmingham Barons : LHP Manuel Soto
|
Batting: LHB José Rivas
|
0-0: Swinging Strike 0-1: Ball 1-1: Fly out, F7 (Flyball, 7LM)
|
Batting: RHB Sam Wallace
|
0-0: Ball 1-0: Ball 2-0: Called Strike 2-1: Ground out 5-3 (Groundball, 56)
|
Batting: SHB Andrés Díaz
|
0-0: Ball 1-0: Ball 2-0: Foul Ball, location: 2F 2-1: Swinging Strike 2-2: Strikes out swinging
|
Top of the 9th over - 0 run(s), 0 hit(s), 0 error(s), 0 left on base; Cape Cod 2 - Birmingham 0 |
BOTTOM OF THE 9TH |
Birmingham Barons batting - Pitching for Cape Cod Clams : RHP Jorge Jiménez
|
Pitching: RHP Juan Reyes
|
|
Batting: RHB Todd Rogers
|
0-0: Ball 1-0: Foul Ball, location: 2F 1-1: Swinging Strike 1-2: Ball 2-2: SINGLE (Groundball, 34D)
|
Batting: LHB Ashley Pickhills
|
0-0: Called Strike 0-1: Ball 1-1: Swinging Strike 1-2: Ball 2-2: Foul Ball, location: 2F 2-2: Foul Ball, location: 2F 2-2: Foul Ball, location: 2F 2-2: Fly out, F7 (Flyball, 7LS)
|
Pinch Hitting: LHB José Hernández
|
0-0: Ball 1-0: Fly out, F8 (Flyball, 8LD)
|
Batting: RHB Mario Hernández
|
0-0: 2-RUN HOME RUN (Flyball, 78XD), Distance : 407 ft
|
Batting: RHB Juan Jiménez
|
0-0: Ball 1-0: Ball 2-0: Foul Ball, location: 2F 2-1: Foul Ball, location: 2F 2-2: Ball 3-2: Base on Balls
|
Batting: LHB Marc May
|
0-0: Ball 1-0: Swinging Strike 1-1: Ball 2-1: Called Strike 2-2: Foul Ball, location: 2F 2-2: Foul Ball, location: 2F 2-2: Ball 3-2: Base on Balls Juan Jiménez to second
|
Pinch Hitting: RHB Vicente Carona
|
0-0: Called Strike 0-1: Ball 1-1: Foul Ball, location: 2F 1-2: Fly out, F8 (Flyball, 8RM)
|
Bottom of the 9th over - 2 run(s), 2 hit(s), 0 error(s), 2 left on base; Cape Cod 2 - Birmingham 2 |
TOP OF THE 10TH |
Cape Cod Clams batting - Pitching for Birmingham Barons : LHP Manuel Soto
|
Pitching: LHP Richard Simpson
|
|
Now at C: Vicente Carona
|
|
Now at SS: Andrew Curran
|
|
Pinch Hitting: SHB Rob Grun
|
0-0: SINGLE (Flyball, 89S)
|
Batting: RHB Juan Marín
|
0-0: Reached on error, E2 (Groundball, 2R) Rob Grun to third
|
Batting: RHB Marcos Castillo
|
0-0: Intentional Walk
|
Batting: SHB Edgardo Osorio
|
0-0: Foul Ball, location: 2F 0-1: Ball 1-1: Fly out, F3 (Popup, 3SF)
|
Batting: RHB Yasuhiro Kobayashi
|
0-0: Ball 1-0: Foul Ball, location: 2F 1-1: Called Strike 1-2: Fly out, F7 (Flyball, 7M) Runner from 3rd tags up, SCORES, throw made
|
Batting: LHB José González
|
0-0: Called Strike 0-1: Ball 1-1: Swinging Strike 1-2: Ball 2-2: Ball 3-2: Fly out, F7 (Flyball, 7M)
|
Top of the 10th over - 1 run(s), 1 hit(s), 1 error(s), 2 left on base; Cape Cod 3 - Birmingham 2 |
BOTTOM OF THE 10TH |
Birmingham Barons batting - Pitching for Cape Cod Clams : RHP Juan Reyes
|
Now at C: António Ramos
|
|
Now at SS: Armando Vega
|
|
Now in CF: Ramón Morales
|
|
Batting: SHB Anastasio Ortíz
|
0-0: SOLO HOME RUN (Flyball, 78XD), Distance : 397 ft
|
Pitching: RHP Mario González
|
|
Batting: LHB Curt Walker
|
0-0: Called Strike 0-1: Foul Ball, location: 2F 0-2: Ball 1-2: Ball 2-2: Ground out 4-3 (Groundball, 4)
|
Batting: RHB Todd Rogers
|
0-0: Ball 1-0: Called Strike 1-1: Foul Ball, location: 2F 1-2: Strikes out swinging
|
Batting: LHB Ashley Pickhills
|
0-0: Foul Ball, location: 2F 0-1: Ball 1-1: Foul Ball, location: 2F 1-2: Ground out 5-3 (Groundball, 5S)
|
Bottom of the 10th over - 1 run(s), 1 hit(s), 0 error(s), 0 left on base; Cape Cod 3 - Birmingham 3 |
TOP OF THE 11TH |
Cape Cod Clams batting - Pitching for Birmingham Barons : LHP Richard Simpson
|
Batting: LHB José Rivas
|
0-0: Foul Ball, location: 2F 0-1: Foul Ball, location: 2F 0-2: Hit by Pitch
|
Batting: RHB Sam Wallace
|
0-0: Foul Ball, location: 2F 0-1: Foul Ball, location: 2F 0-2: Strikes out swinging
|
Batting: SHB Andrés Díaz
|
0-0: Ball 1-0: Ball 2-0: Ball 3-0: Base on Balls José Rivas to second
|
Pinch Hitting: SHB Dave Lee
|
0-0: Called Strike 0-1: Ball 1-1: Foul Ball, location: 2F 1-2: Strikes out looking
|
Batting: RHB António Ramos
|
0-0: Called Strike 0-1: Ball 1-1: Ball 2-1: Ball 3-1: Base on Balls José Rivas to third Andrés Díaz to second
|
Batting: RHB Marcos Castillo
|
0-0: Ball 1-0: Called Strike 1-1: Swinging Strike 1-2: Foul Ball, location: 2F 1-2: SINGLE (Flyball, 7LM) José Rivas scores Andrés Díaz to third António Ramos to second Runner from 3rd tries for Home, SAFE, no throw or cutoff
|
Batting: RHB Ramón Morales
|
0-0: Ball 1-0: Ball 2-0: Ball 3-0: Called Strike 3-1: SINGLE (Line Drive, 7LS) António Ramos to third Marcos Castillo to second Runner from 3rd tries for Home, SAFE, no throw or cutoff
|
Pitching: RHP Jim Hicks
|
|
Batting: RHB Yasuhiro Kobayashi
|
0-0: Fly out, F8 (Line Drive, 8LM)
|
Top of the 11th over - 3 run(s), 2 hit(s), 0 error(s), 2 left on base; Cape Cod 6 - Birmingham 3 |
BOTTOM OF THE 11TH |
Birmingham Barons batting - Pitching for Cape Cod Clams : RHP Mario González
|
Pitching: RHP Patrick Doyle
|
|
Now at 2B: Dave Lee
|
|
Batting: SHB Andrew Curran
|
0-0: Ball 1-0: Foul Ball, location: 2F 1-1: Called Strike 1-2: Ball 2-2: Foul Ball, location: 2F 2-2: Ground out 4-3 (Groundball, 4)
|
Batting: RHB Mario Hernández
|
0-0: Ball 1-0: Called Strike 1-1: Ground out 4-3 (Groundball, 4S)
|
Batting: RHB Juan Jiménez
|
0-0: Called Strike 0-1: SOLO HOME RUN (Flyball, 7D), Distance : 333 ft
|
Batting: LHB Marc May
|
0-0: Fly out, F8 (Flyball, 8LM)
|
Bottom of the 11th over - 1 run(s), 1 hit(s), 0 error(s), 0 left on base; Cape Cod 6 - Birmingham 4 |
|